 Dungeon Crawl Stone Soup version 0.31-a0-1570-g93c622d222 (webtiles) character file.

Game seed: 6167504219453459920

122 Flugslaktarn the Apothecary (level 5, -2/31 HPs)
             Began as an Octopode Alchemist on Jan 3, 2024.
             Slain by a mummy (15 damage)
             ... in an ossuary.
             The game lasted 00:01:24 (638 turns).

Flugslaktarn the Apothecary (Octopode Alchemist)     Turns: 638, Time: 00:01:25

Health: -2/31      AC:  1    Str:  8    XL:     5   Next: 6%
Magic:  6/9        EV: 13    Int: 19    God:
Gold:   120        SH:  0    Dex: 12    Spells: 5/10 levels left

rFire   . . .        b - +0 short sword
rCold   . . .        (no shield)
rNeg    . . .        (helmet restricted)
rPois   .            (no amulet)
rElec   .            (no ring)
rCorr   .            (no ring)
SInv    .            (no ring)
Will    .....        (no ring)
Stlth   +++          (no ring)
HPRegen 0.25/turn    (no ring)
MPRegen 0.11/turn    (no ring)
                     (no ring)

%: no passive effects
@: no status effects
A: almost no armour, amphibious, 8 rings, camouflage 1, gelatinous body 1,
(nimble swimmer 1), tentacles
a: no special abilities


You were in an ossuary.
You visited 1 branch of the dungeon, and saw 4 of its levels.
You also visited: Ossuary.

You collected 120 gold pieces.

Inventory:

Hand Weapons
 b - a +0 short sword (weapon)
   (You found it on level 1 of the Dungeon)
Scrolls
 c - a scroll of noise {unknown}
 d - a scroll of enchant weapon {unknown}
 e - a scroll of teleportation {unknown}
 f - a scroll of blinking {unknown}
 g - 3 scrolls of identify {unknown}
 h - a scroll of poison {unknown}
 i - a scroll of fear {unknown}
Potions
 a - a potion of magic


   Skills:
 - Level 2.0 Dodging
 - Level 2.6 Stealth
 + Level 3.1 Spellcasting
 - Level 1.0 Conjurations
 * Level 5.3 Alchemy


You had 5 spell levels left.
You knew the following spells:

 Your Spells              Type           Power      Damage    Failure   Level
a - Sting                 Conj/Alch      60%        1d6       4%          1
b - Olgreb's Toxic Radia  Alch           23%        N/A       17%         4

Your spell library contained the following spells:

 Spells                   Type           Power      Damage    Failure   Level
 Mercury Vapours          Alch/Air       26%        N/A       8%          2
 Slow                     Hex            12%        N/A       16%         1
 Momentum Strike          Conj/Tloc      8%         3d8       19%         2
 Mephitic Cloud           Conj/Alch/Air  11%        N/A       19%         3
 Blink                    Tloc           6%         N/A       22%         2
 Lesser Beckoning         Tloc           6%         N/A       22%         2
 Confusing Touch          Hex            3%         N/A       41%         3
 Sigil of Binding         Hex            3%         N/A       41%         3
 Vampiric Draining        Necr           3%         2d6       41%         3
 Sticky Flame             Fire/Alch      13%        2d5       45%         4


Dungeon Overview and Level Annotations

Branches:
Dungeon (4/15)            Ossuary (1/1)
 Temple: D:4-7

Altars:

Shops:
D:1 *   D:3 (


Innate Abilities, Weirdness & Mutations

You cannot wear most types of armour.
You are amphibious.
You can wear up to eight rings at the same time.
Your skin changes colour to match your surroundings (Stealth+).
Your rubbery body absorbs attacks. (AC +1, EV +1)
((You are camouflaged when in or above water. (Stealth+)))
You have tentacles for arms and can constrict up to eight enemies at once.


Message History

Press: ? - help, Shift-Dir - straight line, f - goblin
Aim: a goblin, wielding a +0 club (64% to hit)
The sting hits the goblin.
The goblin is poisoned.
You kill the goblin!
Things that are here:
a +0 club; a goblin corpse You see here a scroll labelled HUSCHI CEIRO.
You hit the hobgoblin. Your grab misses the hobgoblin.
The hobgoblin is heavily wounded.
The hobgoblin misses you.
You hit the hobgoblin but do no damage. Your grab misses the hobgoblin.
The hobgoblin is heavily wounded.
The hobgoblin barely misses you.
You closely miss the hobgoblin. You grab the hobgoblin.
The hobgoblin is heavily wounded.
You constrict the hobgoblin. The hobgoblin closely misses you.
You hit the hobgoblin.
You kill the hobgoblin!
You open the door.
Found 2 scrolls labelled PYAFRES UGEPHO.
i - a scroll labelled HUSCHI CEIRO
Found 14 gold pieces.
There is an open door here.
Found a stone staircase leading up.
g - 3 scrolls labelled PYAFRES UGEPHO (gained 2)
You now have 120 gold pieces (gained 14).
There is a stone staircase leading up here.
You hear the slow hiss of an avalanche of sand.
You open the door.
There is an open door here.
Found a sand-covered staircase.
There is a sand-covered staircase here.
The world spins around you as you enter the gateway.
You enter an ossuary!
Found a gate leading back out of this place.
There is an empty arch of ancient stone here.
A kobold zombie, a gnoll zombie, 2 hobgoblin zombies and 2 orc zombies come into view.
The orc zombie moves out of view.
The kobold zombie moves out of view.
The gnoll zombie moves out of view.
There are monsters nearby!
Unknown command.
You hit the hobgoblin zombie. You grab the hobgoblin zombie.
The hobgoblin zombie is lightly damaged.
You constrict the hobgoblin zombie. You hit the hobgoblin zombie.
Your squeeze misses the hobgoblin zombie.
The hobgoblin zombie is severely damaged.
You constrict the hobgoblin zombie.
You destroy the hobgoblin zombie!
You hit the orc zombie but do no damage.
Your grab misses the orc zombie. You squeeze the orc zombie.
The orc zombie is moderately damaged.
The orc zombie hits you.
You hit the orc zombie but do no damage.
You grab the orc zombie.
The orc zombie is moderately damaged.
You constrict the orc zombie. The orc zombie closely misses you.
You hit the orc zombie.
The orc zombie is almost destroyed.
You constrict the orc zombie.
You destroy the orc zombie!
No target in view! 2 mummies and a hobgoblin zombie come into view.
Casting: Sting (safe; 4% risk of failure)
Confirm with . or Enter, or press ? or * to list all spells.
Aiming: Sting (safe; 4% risk of failure)
Press: ? - help, Shift-Dir - straight line, f - mummy
Aim: a mummy (88% to hit)
The sting misses the mummy.
Casting: Sting (safe; 4% risk of failure)
Confirm with . or Enter, or press ? or * to list all spells.
Aiming: Sting (safe; 4% risk of failure)
Press: ? - help, Shift-Dir - straight line, f/p - mummy
Aim: a mummy (88% to hit)
The sting hits the mummy.
The mummy partially resists.
The mummy is lightly damaged.
Casting: Sting (safe; 4% risk of failure)
Confirm with . or Enter, or press ? or * to list all spells.
Aiming: Sting (safe; 4% risk of failure)
Press: ? - help, Shift-Dir - straight line, f/p - mummy
Aim: a mummy (lightly damaged, 88% to hit)
The sting hits the mummy but does no damage.
The mummy is lightly damaged.
You hit the mummy. Your grab misses the mummy. Your squeeze misses the mummy.
The mummy is moderately damaged.
You barely miss the mummy. You grab the mummy.
The mummy is moderately damaged.
You constrict the mummy. The mummy hits you!!
Ouch! That really hurt!
You are too injured to fight recklessly!
You hit the mummy but do no damage.
The mummy is moderately damaged.
You constrict the mummy. The mummy misses you.
You hit the mummy. You squeeze the mummy.
The mummy is severely damaged.
You constrict the mummy, but do no damage.
You hit the mummy.
The mummy is severely damaged.
You constrict the mummy. The mummy hits you!
You die...

......#
#....#
#....#
#....#
#Z...#
#....#
#....#
#M...#
#@...#
#.∩∩.#
######


You could see a mummy and a hobgoblin zombie.

Vanquished Creatures
  A phantom (D:3)
  2 adders
  3 orcs (D:4)
  2 ball pythons (D:3)
  2 endoplasms (D:1)
  A goblin (D:4)
  2 hobgoblins
  3 quokkas
  A bat (D:1)
  A hobgoblin zombie (Ossuary)
  A kobold (D:2)
  An orc zombie (Ossuary)
  8 rats
28 creatures vanquished.

Notes
Turn   | Place    | Note
-------+----------+-------------------------------------------
     0 | D:1      | Flugslaktarn the Octopode Alchemist began the quest for the
                  | Orb.
     0 | D:1      | Reached XP level 1. HP: 11/11 MP: 3/3
   152 | D:1      | Reached XP level 2. HP: 17/17 MP: 1/5
   160 | D:1      | Found Syme's General Store.
   248 | D:2      | Reached skill level 4 in Alchemy
   307 | D:3      | Noticed a phantom
   320 | D:3      | Killed a phantom
   321 | D:3      | Reached skill level 5 in Alchemy
   321 | D:3      | Reached XP level 3. HP: 17/21 MP: 5/7
   321 | D:3      | Reached XP level 4. HP: 22/27 MP: 5/8
   330 | D:3      | Learned a level 4 spell: Olgreb's Toxic Radiance
   363 | D:3      | Found Meteat's Antique Weapon Emporium.
   432 | D:4      | Reached XP level 5. HP: 17/31 MP: 2/9
   590 | D:4      | Found a sand-covered staircase.
   594 | Ossuary  | Entered an ossuary
   638 | Ossuary  | Slain by a mummy

Illustrated notes

Levels and vault maps discovered:
D:1:      saegor_arrival_under_anarchy, layout_loops_ring, serial_shops, shop
D:2:      layout_loops_ring
D:3:      layout_basic, serial_shops, shop
D:4:      layout_loops_corners, nicolae_ossuary_entry_plus
Ossuary:  ossuary_tomb_3

Skill      XL: |  1  2 |
---------------+-------+-----
Alchemy        | 5 |  5.3
Spellcasting   | 3 |  3.1
Dodging        | |  2.0
Stealth        | |  2.6
Conjurations   | |  1.0

Action                     |  1- 3 |  4- 6 || total
---------------------------+-------+-------++-------
  Melee: Short sword       |    27 |    26 ||    53
         Tentacles         |     7 |     2 ||     9
         Constrict         |     6 |     7 ||    13
         Punch             |       |     1 ||     1
   Cast: Sting             |    15 |    20 ||    35
    Use: Potion            |     1 |       ||     1
 Armour: Skin              |    12 |    11 ||    23
  Dodge: Dodged            |    15 |    17 ||    32

Table legend: (Time is in decaauts)
 A = Elapsed time spent in this place.
 B = Non-inter-level travel time spent in this place.
 C = Inter-level travel time spent in this place.
 D = Time resting spent in this place.
 E = Time spent auto-exploring this place.
 F = Levels seen in this place.
 G = Mean time per level.
                   A        B        C        D        E       F      G
               +--------+--------+--------+--------+--------+-----+--------+
         Total |    636 |    625 |     11 |      0 |    306 |   5 |  127.2 |
       Dungeon |    592 |    581 |     11 |      0 |    305 |   4 |  148.0 |
       Ossuary |     43 |     43 |      0 |      0 |      1 |   1 |   43.0 |
               +--------+--------+--------+--------+--------+-----+--------+

Top non-repeatable levels by time:
     D:4: 219 daAuts
     D:1: 197 daAuts
     D:2: 97 daAuts
     D:3: 77 daAuts
 Ossuary: 43 daAuts
